 Dungeon Crawl Stone Soup version 0.26.0-10-g1f06aea511 (webtiles) character file.

Game seed: 9023434732465565742

58 MisterFreud the Conjurer (level 3, -4/24 HPs)
             Began as a Demonspawn Conjurer on Jan 29, 2021.
             Slain by a worm (10 damage)
             ... on level 2 of the Dungeon.
             The game lasted 00:02:16 (1853 turns).

MisterFreud the Conjurer (Demonspawn Conjurer)      Turns: 1853, Time: 00:02:17

Health: -4/24      AC:  3    Str:  7    XL:     3   Next: 76%
Magic:  0/6        EV: 12    Int: 20    God:
Gold:   77         SH:  0    Dex: 11    Spells: 5/6 levels left

rFire    . . .     SeeInvis .   e - +0 club
rCold    . . .     Faith    .   (no shield)
rNeg     . . .     Spirit   .   a - +0 robe
rPois    .         Reflect  .   (helmet restricted)
rElec    .         Harm     .   (no cloak)
rCorr    .         Rampage  .   (no gloves)
Will     .....                  b - +0 pair of boots
Stlth    ++........             j - amulet of inaccuracy (curse)
HPRegen  0.08/turn              (no ring)
MPRegen  0.10/turn              (no ring)

@: no status effects
A: horns 1
a: no special abilities


You were on level 2 of the Dungeon.
You visited 1 branch of the dungeon, and saw 2 of its levels.

You collected 77 gold pieces.

Inventory:

Hand Weapons
 e - a +0 club (weapon)
Missiles
 m - 15 poisoned darts
Armour
 a - a +0 robe (worn)
 b - a +0 pair of boots (worn)
Jewellery
 j - a cursed amulet of inaccuracy (around neck)
Wands
 l - a wand of random effects (15)
 n - a wand of digging (7)
Scrolls
 c - a scroll of noise {unknown}
 d - a scroll of enchant weapon {unknown}
 g - 3 scrolls of identify {unknown}
 h - 2 scrolls of teleportation {unknown}
 k - a scroll of random uselessness {unknown}
Potions
 f - 2 potions of might {unknown}
 i - a potion of attraction {unknown}


   Skills:
 - Level 1.7 Dodging
 - Level 1.7 Stealth
 - Level 2.0 Spellcasting
 + Level 5.5 Conjurations


You had 5 spell levels left.
You knew the following spells:

 Your Spells              Type           Power        Failure   Level
a - Magic Dart            Conj           96%          1%          1

Your spell library contained the following spells:

 Spells                   Type           Power        Failure   Level
 Searing Ray              Conj           48%          2%          2
 Beastly Appendage        Tmut           4%           16%         1
 Dazzling Flash           Conj/Hex       26%          16%         3
 Wereblood                Tmut           2%           24%         2
 Spider Form              Tmut/Pois      1%           43%         3
 Fulminant Prism          Conj/Hex       6%           45%         4
 Iskenderun's Mystic Bla  Conj/Tloc      13%          45%         4
 Ice Form                 Ice/Tmut       2%           83%         4
 Blade Hands              Tmut           1%           99%         5


Dungeon Overview and Level Annotations

Branches:
Dungeon (2/15)

Altars:


Innate Abilities, Weirdness & Mutations

You have a pair of small horns on your head.


Message History

Unknown command.
The worm barely misses you.
You hit the worm. Your headbutt misses the worm.
The worm is severely wounded.
The worm bites you!
You barely miss the worm.
The worm is severely wounded.
The worm bites you!
* * * LOW HITPOINT WARNING * * *
You closely miss the worm.
The worm is severely wounded.
Casting: Magic Dart (safe; 1% risk of failure)
Confirm with . or Enter, or press ? or * to list all spells.
Aiming: Magic Dart (safe; 1% risk of failure)
Press: ? - help, Shift-Dir - straight line, f/p - worm
Aim: a worm (severely wounded, 0% to evade)
The magic dart hits the worm.
The worm is almost dead.
The worm bites you!
You die...

. .. ... ######
....
###....##.....
##......w......
#..#+#.@##...
###.## ##.#
##...# #... ##
#..### ###...
># #.## #...#
.# #.# ...# .#
#.## ..#
.######..### .#
...........#


You could see a worm.

Vanquished Creatures
  2 adders (D:2)
  4 leopard geckos
  A ball python (D:2)
  3 giant cockroaches
  4 goblins (D:1)
  4 hobgoblins
  6 kobolds
  3 bats
  7 frilled lizards
  2 rats (D:1)
36 creatures vanquished.

Notes
Turn   | Place    | Note
-------+----------+-------------------------------------------
     0 | D:1      | MisterFreud the Demonspawn Conjurer began the quest for the
                  | Orb.
     0 | D:1      | Reached XP level 1. HP: 13/13 MP: 3/3
   252 | D:1      | Gained mutation: You have a pair of small horns on your
                  | head. [demonic ancestry]
   252 | D:1      | Reached XP level 2. HP: 19/19 MP: 0/5
  1291 | D:2      | Reached skill level 5 in Conjurations
  1345 | D:2      | Reached XP level 3. HP: 24/24 MP: 3/6
  1853 | D:2      | Slain by a worm

Illustrated notes

Levels and vault maps discovered:
D:1:      dpeg_arrival_orchard, layout_loops_ring
D:2:      cheibrodos_greedy_goblins, layout_basic, serial_park_tiny_pond

Skill      XL: |  1  2 |
---------------+-------+-----
Conjurations   | 5 |  5.5
Dodging        | |  1.7
Stealth        | |  1.7
Spellcasting   | |  2.0

Action                   || total
-------------------------++-------
Melee: Unarmed           ||     2
       Club              ||    17
       Headbutt          ||     1
 Cast: Magic Dart        ||    76
Armor: Robe              ||     6
Dodge: Dodged            ||    18
